 Dungeon Crawl Stone Soup version 0.18-a0-1655-ge2d8d33 (webtiles) character file.

110 Magnus the Sneak (level 4, -1/30 HPs)
             Began as a Vampire Enchanter on Mar 31, 2016.
             Slain by an orc
             ... wielding a +0 dagger
              (3 damage)
             ... on level 3 of the Dungeon.
             The game lasted 00:05:58 (1884 turns).

Magnus the Sneak (Vampire Enchanter)                Turns: 1884, Time: 00:06:01

Health: -1/30      AC:  3    Str:  7    XL:     4   Next: 61%
Magic:  3/7        EV: 12    Int: 18    God:
Gold:   170        SH:  0    Dex: 14    Spells: 3 memorised, 1 level left

rFire  . . .     SeeInvis +     a - +1 dagger
rCold  + . .     Gourm    .     b - +1 robe
rNeg   + + .     Faith    .     (no shield)
rPois  +         Spirit   .     (no helmet)
rElec  .         Dismiss  .     (no cloak)
rCorr  .         Reflect  .     (no gloves)
SustAt .         Harm     .     (no boots)
MR     .....                    (no amulet)
Stlth  ++++......               (no ring)
                                (no ring)

@: regenerating slowly, not resistant to hostile enchantments, stealthy
A: fangs 3, see invisible, unbreathing
a: Bat Form


You were on level 3 of the Dungeon.
You were very thirsty.

You visited 1 branch of the dungeon, and saw 3 of its levels.

You collected 170 gold pieces.

Inventory:

Hand Weapons
 a - a +1 dagger (weapon)
Armour
 b - a +1 robe (worn)
Jewellery
 l - an uncursed amulet of guardian spirit
Scrolls
 f - a scroll of identify {unknown}
 j - 2 scrolls of immolation {unknown}
 k - a scroll of magic mapping {unknown}
 m - a scroll of noise {unknown}
 n - 4 scrolls of remove curse {unknown}
 o - a scroll of enchant armour {unknown}
 p - a scroll of teleportation {unknown}
Potions
 d - 8 potions of blood
 e - a potion of lignification {unknown}
 g - a potion of heal wounds {unknown}
 h - a potion of haste {unknown}
 i - a potion of curing {unknown}
 q - a potion of degeneration {unknown}
Books
 c - a book of Maledictions

   Spells                             Type                      Level
   a - Corona                         Hexes                        1
   b - Ensorcelled Hibernation        Hexes/Ice                    2
   c - Confuse                        Hexes                        3
   d - Tukima's Dance                 Hexes                        3
   e - Dazzling Spray                 Conjuration/Hexes            3


   Skills:
 + Level 2.7 Short Blades
 - Level 2.1 Dodging
 + Level 6.1 Stealth
 - Level 2.0 Spellcasting
 + Level 5.8 Hexes


You had one spell level left.
You knew the following spells:

 Your Spells              Type           Power        Failure   Level  Hunger
a - Corona                Hex            ###....      1%          1    #......
b - Ensorcelled Hibernat  Hex/Ice        ##....       12%         2    ###....
c - Confuse               Hex            ###.....     6%          3    ###....


Dungeon Overview and Level Annotations

Branches:
Dungeon (3/15)

Altars:


Innate Abilities, Weirdness & Mutations

You heal slowly.
You have razor-sharp teeth.
You have supernaturally acute eyesight.
You can survive without breathing.


Message History

The helpless hobgoblin fails to defend itself.
You bite the hobgoblin, and draw its blood!
You feel better.
You feel slightly less thirsty.
You impale the hobgoblin!!
You kill the hobgoblin!
The orc hits you.
* * * LOW HITPOINT WARNING * * *
The orc hits you with a dagger.
* * * LOW HITPOINT WARNING * * *
Casting: Ensorcelled Hibernation
Confirm with . or Enter, or press ? or * to list all spells.
Aiming: Ensorcelled Hibernation
Press: ? - help, Shift-Dir - straight line, f - orc
Aim: an orc, wielding a hand axe and wearing a leather armour (chance to defeat MR: 80%)
The orc resists with significant effort.
The orc hits you with a hand axe.
* * * LOW HITPOINT WARNING * * *
The orc hits you.
* * * LOW HITPOINT WARNING * * *
The orc hits you with a dagger.
You die...

####(..#.######
#..##.##
#..#...##
#.......###
#.........#
##......#.
#.#wh<##o#
##o## #@#


#oooo.# ####..# #.# .. You could see a worm, 5 orcs and a jackal.

Vanquished Creatures
  Ijyb (D:2)
  4 adders (D:2)
  2 oozes
  A worm (D:2)
  4 giant geckos
  4 bats
  2 goblins (D:1)
  6 hobgoblins
  2 jackals (D:3)
  3 kobolds (D:1)
  8 rats
37 creatures vanquished.

Notes
Turn   | Place    | Note
--------------------------------------------------------------
     0 | D:1      | Magnus the Vampire Enchanter began the quest for the Orb.
     0 | D:1      | Reached XP level 1. HP: 13/13 MP: 3/3
   355 | D:1      | Reached skill level 5 in Stealth
   355 | D:1      | Reached XP level 2. HP: 19/19 MP: 5/5
   382 | D:1      | Learned a level 2 spell: Ensorcelled Hibernation
   914 | D:1      | Reached skill level 5 in Hexes
  1069 | D:2      | Noticed Ijyb
  1095 | D:2      | Killed Ijyb
  1095 | D:2      | Reached XP level 3. HP: 19/24 MP: 4/6
  1331 | D:2      | Reached XP level 4. HP: 21/30 MP: 7/7
  1553 | D:2      | Reached skill level 6 in Stealth
  1801 | D:2      | Learned a level 3 spell: Confuse
  1884 | D:3      | Slain by an orc

Vault maps used:
D:1:      wheals_arrival_linesprint
D:2:      uniq_iyjb
D:3:      uniq_robin

Skill      XL: |  1  2  3  4 |
---------------+-------------+-----
Stealth        | 5 6 |  6.1
Hexes          | 5 |  5.8
Short Blades   | 2 |  2.7
Dodging        | |  2.1
Spellcasting   | |  2.0

Action                   |  1- 3 |  4- 6 || total
-------------------------+-------+-------++-------
Melee: Dagger            |    94 |    48 ||   142
 Cast: Ensorcelled Hiber |     2 |     7 ||     9
 Stab: Sleeping          |    10 |     8 ||    18
       Distracted        |     1 |       ||     1
